[Event "ChessKid Cup Div-II 2023"]
[Site "Online"]
[Date "2023.05.22"]
[Round "1.3"]
[White "Andreikin, Dmitry"]
[Black "Nguyen, Ngoc Truong Son"]
[Result "1-0"]
[ECO "E16"]
[WhiteElo "2729"]
[BlackElo "2645"]
[Annotator "TA"]
[PlyCount "134"]
[EventDate "2023.05.21"]
[EventType "k.o."]
[EventCountry "NET"]
[SourceTitle "playchess.com"]
[Source "ChessBase"]
[SourceQuality "1"]
[TimeControl "900+3"]

1. d4 Nf6 2. c4 e6 3. g3 d5 4. Bg2 Bb4+ 5. Nd2 O-O 6. Ngf3 b6 7. O-O Bb7 8. Ne5 Nbd7 9. cxd5 exd5 10. Qa4 {[%emt 0:00:06] E16: Queen's Indian: 4 g3 Bb7 5 Bg2 Bb4+.} a5 11. Ndf3 Qe8 {[%emt 0:00:51] [#] Strongly threatening ...Nxe5.} 12. Nxd7 $146 {[%emt 0:00:41] White is slightly better.} ({Predecessor:} 12. Qc2 Bd6 13. Bf4 h6 14. Rac1 Nh5 15. Nxd7 Qxd7 16. Bxd6 cxd6 17. Nh4 Nf6 18. Qc7 Qxc7 19. Rxc7 {1-0 Gupta,A (2619)-Ahmed,S (2305) Kolkata op 3rd 2018 (7)}) 12... Qxd7 13. Qxd7 Nxd7 14. Bf4 c6 15. Rfc1 Rae8 16. Bh3 f5 17. Ne5 Nxe5 18. Bxe5 Be7 19. e3 h5 20. Rc3 Rc8 21. Rac1 g6 22. Rb3 b5 23. Rbc3 Rfe8 24. Bg2 Kf7 25. f4 Ke6 26. Kf2 Kd7 27. Bf1 {[%emt 0:00:15] White is more active.} b4 28. R3c2 a4 (28... Bd6 $14) 29. Bd3 (29. e4 $1 $16 {[%cal Re4d5] exd5 is the strong threat.} fxe4 30. Bh3+ Kd8 31. Be6 (31. Bxc8 Kxc8 32. Rg1 Kd7 $16)) 29... Ra8 $11 30. h3 Ba6 31. Ke2 Rec8 {[%emt 0:00:11] [#]} 32. g4 $1 hxg4 33. hxg4 fxg4 34. Rg1 c5 35. dxc5 Rxc5 36. Rxc5 Bxc5 37. Rxg4 Bxd3+ 38. Kxd3 $14 {[%emt 0:00:00][%mdl 4096] Endgame KRB-KRB} Ra6 39. Rh4 b3 (39... Re6 $11) 40. axb3 ({White has to play} 40. Rh7+ $1 $16 Kc6 41. Rc7+ Kb6 42. a3) 40... axb3 (40... a3 $1 $11 {keeps the balance.} 41. Rh7+ Kc6 42. bxa3 Rxa3) 41. Rh7+ $16 Ke6 ({Black should try} 41... Kc6) 42. Rc7 Be7 43. Rb7 (43. Bd4 $16) 43... g5 $11 44. fxg5 ({Don't take} 44. Rxb3 gxf4 45. exf4 (45. Bxf4 Bf6 $14) 45... Bd6 $14) 44... Bxg5 45. Bd4 Ra1 46. Rxb3 Rd1+ 47. Kc2 Rh1 48. Rb5 Re1 49. Kd2 Rh1 (49... Ra1 $14) 50. b4 $18 Rb1 51. Kc2 (51. Rb6+ $18 Kf5 52. b5) 51... Re1 $16 52. Kd2 Rb1 53. Rb7 Kf5 54. Kc2 Re1 55. Kd3 Rd1+ {[%emt 0:00:03] [#]} 56. Ke2 $1 Rb1 57. b5 ({White should play} 57. Rb6 $16) 57... Ke4 $2 {[%emt 0:00:02][%mdl 8192] [#]} (57... Ke6 $1 $14) 58. Rb8 (58. b6 $1 $18 {is the precise move to win.}) 58... Rb3 $2 {[%emt 0:00:07][%mdl 8192] Loses the game.} (58... Kf5 $16 59. b6 Ke6) 59. Re8+ $18 {[%emt 0:00:04] White is clearly winning.} Kf5 60. Re5+ Kg6 61. Rxd5 Be7 62. Kd2 Kf7 63. Kc2 Rb4 64. Rf5+ Ke8 65. Re5 Rc4+ 66. Kd3 Rc1 67. Bb2 Rc5 {[%emt 0:00:03] Weighted Error Value: White=0.23 (precise) /Black=0.27 (precise)} 1-0

[Event "ChessKid Cup Div-II 2023"]
[Site "Online"]
[Date "2023.05.22"]
[Round "1.3"]
[White "Eljanov, Pavel"]
[Black "Rasulov, Vugar"]
[Result "1/2-1/2"]
[ECO "E53"]
[WhiteElo "2705"]
[BlackElo "2523"]
[Annotator "TA"]
[PlyCount "110"]
[EventDate "2023.05.21"]
[EventType "k.o."]
[EventCountry "NET"]
[SourceTitle "playchess.com"]
[Source "ChessBase"]
[SourceQuality "1"]
[TimeControl "900+3"]

1. d4 Nf6 2. c4 e6 3. Nc3 Bb4 4. e3 O-O 5. Bd3 d5 6. a3 Bxc3+ 7. bxc3 dxc4 8. Bxc4 c5 9. Nf3 Qc7 10. Be2 b6 11. O-O {[%emt 0:00:08] 11.Bb2 is the hot move.} Bb7 12. Bb2 {[%emt 0:00:03] E53: Nimzo-Indian: Rubinstein: Main Line (4...0-0 5 Nf3 d5 6 Bd3 c5 7 0-0).} Nc6 13. c4 Rfd8 14. Rc1 Rac8 15. Re1 cxd4 16. exd4 Qf4 {[%emt 0:00:05] [#]} 17. h3 $146 ({Predecessor:} 17. Bd3 Na5 18. Ne5 Qg5 19. g3 Qh5 20. Be2 Qh3 21. Bf1 {1-0 Sciarretta,R (2239)-Pazderski,L (2121) SA-2011-0-00181}) 17... Na5 18. d5 exd5 ({Resist} 18... Nxc4 19. Bxf6 gxf6 20. g3 $16) 19. Be5 {[%emt 0:00:13] This pair of bishops is nice.} Qh6 20. Nd4 (20. c5 $1 $11) 20... dxc4 $17 21. Bf3 {[%emt 0:00:01] Strongly threatening Bxb7.} Re8 ({Black should play} 21... Nd7 $17 22. Bxb7 Nxb7 23. Bxg7 Qxg7) 22. Bxb7 (22. Nf5 {with more complications.} Qg5 23. Bxb7 Nxb7 24. g4) 22... Nxb7 23. Qf3 $2 {[%emt 0:00:44] [#]} (23. Nf5 $11 {and White stays safe.} Qg5 24. g4) 23... Rxe5 $1 $19 {[%emt 0:00:30][%mdl 64] Deflection} 24. Qxb7 Rce8 25. Red1 Qf4 26. Qxa7 Rd5 27. Nf3 (27. g3 $142 Qe4 28. Rxc4) 27... b5 (27... Rxd1+ $142 28. Rxd1 c3) 28. Qb7 h6 29. Re1 Rb8 30. Qa7 Rc8 31. Qa6 (31. a4 $142) 31... Rcd8 $2 {[%emt 0:00:48] [#]} (31... Qc7 $19 {...Rb8 is the strong threat.} 32. Re5 Rcd8 33. Rxd5 Rxd5) 32. a4 $1 $11 {[%emt 0:00:10][%cal Ba3a4,Ba4b5,Bb5b6][%mdl 32] The position is equal.} Ne4 33. axb5 Nd2 34. Nxd2 Rxd2 35. Qa7 Rb2 36. Qe3 Qh4 (36... Rd4 {simplifies} 37. g3 Qxe3 38. Rxe3 Rxb5 39. Re8+ Kh7) 37. b6 Kh7 38. Qe4+ Qxe4 39. Rxe4 {[%emt 0:00:00][%mdl 4096] Endgame KRR-KRR} Rdd2 40. Rf4 f6 41. Rcxc4 Rxb6 42. Rc7 h5 {[%emt 0:00:08] Prevents Rg4} 43. g4 h4 44. Kg2 Kg6 45. Re4 Rbb2 46. Rf4 Rb3 47. Rf3 Rbb2 48. Rf4 Rd1 49. Re4 {[%emt 0:00:04] Threatens to win with Ree7.} Rbb1 50. Ree7 Rg1+ 51. Kf3 Rb3+ 52. Ke2 Rb2+ 53. Kf3 Rb3+ 54. Ke2 (54. Kf4 $5 Rb4+ $8 55. Kf3 Rb3+ $11) 54... Rb2+ 55. Kf3 Rb3+ {[%emt 0:00:04] And White is the lucky defender.   Weighted Error Value: White=0.21 (precise) /Black=0.20 (precise)} 1/2-1/2

[Event "ChessKid Cup Div-II 2023"]
[Site "Online"]
[Date "2023.05.22"]
[Round "1.3"]
[White "Anton Guijarro, David"]
[Black "Kravtsiv, Martyn"]
[Result "1/2-1/2"]
[ECO "C92"]
[WhiteElo "2690"]
[BlackElo "2598"]
[Annotator "TA"]
[PlyCount "146"]
[EventDate "2023.05.21"]
[EventType "k.o."]
[EventCountry "NET"]
[SourceTitle "playchess.com"]
[Source "ChessBase"]
[SourceQuality "1"]
[TimeControl "900+3"]

1. e4 e5 2. Nf3 Nc6 3. Bb5 a6 4. Ba4 Nf6 5. O-O Be7 6. Re1 b5 7. Bb3 d6 8. c3 O-O 9. h3 Bb7 10. d4 Re8 11. a3 {[%emt 0:00:44] C92: Closed Ruy Lopez: 9...Be6, Karpov and Flohr-Zaitsev Variations.} Bf8 12. Ba2 {[%emt 0:00:32] 12.d5 is a critical line.} h6 13. d5 Nb8 {[%emt 0:00:05][%cal Bc6b8,Bb8d7,Bd7c5][%mdl 32] [#]} 14. b3 $146 ({Predecessor:} 14. c4 c6 15. Nc3 bxc4 16. dxc6 Bxc6 17. Bxc4 Qc7 18. Nh4 Bd7 {1-0 Shirov,A (2673)-Erdos,V (2615) EU-chT 23rd Terme Catez 2021 (5.1)}) 14... c6 15. c4 Nbd7 16. Nc3 Rc8 17. Bd2 g6 18. Qe2 bxc4 19. bxc4 Nc5 20. Rab1 Rb8 21. Rb2 Ba8 22. Reb1 Qc7 23. Bb3 Nxb3 24. Rxb3 Rxb3 25. Rxb3 Rb8 26. Qd1 Nd7 27. Be3 cxd5 28. cxd5 Rxb3 29. Qxb3 Bb7 30. Nd2 Bc8 31. Qc4 Qxc4 32. Nxc4 f5 33. f3 Kf7 (33... Nf6 $14) 34. Na5 {[%emt 0:00:15] White is much more active.} (34. Bxh6 $16 Bxh6 35. Nxd6+ Kf6 36. Nxc8) 34... Nf6 $11 35. Kf2 Ke8 36. Nc6 Bd7 37. Ke2 fxe4 38. fxe4 g5 39. a4 Be7 40. Kd3 g4 (40... Nh5 $11) 41. hxg4 ({Don't play} 41. Bxh6 $6 gxh3 42. gxh3 Bxh3 $11) (41. h4 $16) 41... Nxg4 42. Bb6 Bf8 43. Na2 Nf6 44. Nab4 Nh5 $2 ({Black should play} 44... Bc8 $14) 45. Be3 $2 (45. Nxa6 $18 {has better winning chances.} Nf4+ 46. Kd2) 45... a5 46. Na2 $18 ({Not} 46. Nxa5 Bxa4 47. Nc2 Bb5+ 48. Nc4 Nf6 $11) 46... Nf4+ 47. Bxf4 exf4 {[%emt 0:00:00][%mdl 4096] Endgame KBB-KNN} 48. Nc3 h5 49. Nxa5 h4 {[%emt 0:00:02] [#]} 50. Nc6 $2 (50. Ke2 $1 $18) 50... f3 $1 $11 {[%emt 0:00:02][%mdl 64] Deflection} 51. gxf3 h3 52. Ne2 {[%emt 0:00:00] aiming for Ng3.} (52. Nd1 $5) 52... Bh6 {[%emt 0:00:01] ...Bxc6 is the strong threat.} (52... h2 $5 53. Ng3 $8 Bh6 $11) 53. Ng3 Bf4 54. Nh1 {[%emt 0:00:01] Black must now prevent Ke2.} Bc8 $2 (54... h2 $1 $11) 55. Nb4 $2 (55. Ke2 $18) 55... h2 $2 (55... Bd7 $1 $11) 56. a5 $18 Kd7 57. Ke2 ({Much less strong is} 57. a6 $6 Kc7 $16) 57... Kc7 58. Kf2 Bd7 59. Kg2 Bd2 60. Nc6 (60. Nc2 $18) 60... Bf4 $2 (60... Bxc6 $11 {and Black has nothing to worry.} 61. dxc6 Bxa5) 61. a6 $2 (61. Nd4 $18 {Ne6+ would be deadly.} Bd2 62. Ne6+ Kb7 63. Ng3) 61... Bxc6 $11 62. dxc6 Kxc6 {[%emt 0:00:00] KB-KN} (62... Be3 $2 63. Ng3 $18) 63. Nf2 {[%emt 0:00:02] Threatening Nd3.} (63. a7 {looks sharper.} Kb7 64. Nf2 d5 65. exd5 Kxa7 66. Nd3) 63... Kb6 {[%emt 0:00:01] [#]} (63... d5 $1 $11 {remains equal.}) 64. Ng4 (64. Nd3 $1 $16 Bd2 65. Kxh2) 64... Kxa6 {[%emt 0:00:03] The position is equal.} 65. Nxh2 d5 66. exd5 Kb5 67. Ng4 Kc5 68. Nf6 Be5 69. Nd7+ Kxd5 70. Nxe5 Kxe5 71. Kg3 {[%emt 0:00:00] Threatening mate with Kg4.} Kf5 72. f4 Kf6 73. f5 Kxf5 {[%emt 0:00:01] Blacks defense is rewarded with a draw.   Weighted Error Value: White=0.37/Black=0.42} 1/2-1/2

[Event "ChessKid Cup Div-II 2023"]
[Site "Online"]
[Date "2023.05.22"]
[Round "1.3"]
[White "Fedoseev, Vladimir"]
[Black "Mamedyarov, Shakhriyar"]
[Result "1/2-1/2"]
[ECO "A05"]
[WhiteElo "2680"]
[BlackElo "2738"]
[Annotator "TA"]
[PlyCount "104"]
[EventDate "2023.05.21"]
[EventType "k.o."]
[EventCountry "NET"]
[SourceTitle "playchess.com"]
[Source "ChessBase"]
[SourceQuality "1"]
[TimeControl "900+3"]

1. Nf3 d5 2. g3 Nf6 3. Bg2 g6 4. b3 Bg7 5. Bb2 O-O 6. O-O c5 7. e3 {[%emt 0:00:36] A05: Réti Opening: 1 Nf3 Nf6.} b6 8. d4 Bb7 9. dxc5 bxc5 10. Nbd2 {[%emt 0:00:03] [#]} a5 $146 ({Predecessor:} 10... Nc6 11. c4 e6 12. cxd5 exd5 13. Ne5 Qc7 14. Nxc6 Bxc6 15. Qc2 Bb7 16. Rac1 Rac8 {0-1 Slaba,A (1932)-Puskar,D (1818) SVK-chT3A2 1819 2018 (5.2)}) 11. c4 e6 12. Rc1 Nbd7 13. Ne5 Nxe5 14. Bxe5 Qb6 15. Qc2 Rfc8 16. Rfd1 a4 17. Rb1 Qa7 18. Qb2 {[%emt 0:00:11] White is much more active.} Ne8 19. Bxg7 Nxg7 20. b4 (20. Nf3 $5 ) 20... cxb4 $1 21. Qxb4 Rab8 22. Qe7 Nf5 {[%emt 0:00:33][%cal Bg7f5,Bf5e7,Be7c6,Bc6a5,Ba5b3,Bb3d2,Bd2f3][%mdl 32] The position is equal.} 23. Qf6 dxc4 24. Bxb7 Rxb7 25. Rxb7 Qxb7 26. Nxc4 {[%emt 0:00:03][%mdl 64] [#] Deflection, Back Rank} Qe7 27. Qxe7 Nxe7 $11 {[%emt 0:00:00][%mdl 4096] Endgame KRN-KRN} 28. Nb6 Rc2 29. a3 Ra2 30. Rd3 Nc6 31. f4 {[%emt 0:02:09] Prevents Ne5} Na5 32. g4 Kg7 33. g5 Nb3 34. Nxa4 Nd2 35. Nc5 Nf3+ {[%emt 0:00:04][%mdl 64] [#] Discovered Attack} 36. Kf1 h6 37. gxh6+ Kxh6 38. h3 g5 39. Ne4 f5 40. Ng3 Nd2+ 41. Ke1 Nc4 42. Ne2 Kh5 43. Rc3 Nd2 44. Nd4 Ne4 45. Rc8 Rxa3 46. Ke2 Nc3+ 47. Kd2 Ne4+ 48. Ke2 Ra2+ 49. Ke1 Ra1+ 50. Ke2 Ra2+ 51. Ke1 Ra1+ 52. Ke2 Ra2+ {[%emt 0:00:02] Weighted Error Value: White=0.04 (flawless) /Black=0.03 (flawless)} 1/2-1/2

[Event "ChessKid Cup Div-II 2023"]
[Site "Online"]
[Date "2023.05.22"]
[Round "1.3"]
[White "Sadhwani, Raunak"]
[Black "Gharibyan, Mamikon"]
[Result "1-0"]
[ECO "E11"]
[WhiteElo "2627"]
[BlackElo "2500"]
[Annotator "TA"]
[PlyCount "101"]
[EventDate "2023.05.21"]
[EventType "k.o."]
[EventCountry "NET"]
[SourceTitle "playchess.com"]
[Source "ChessBase"]
[SourceQuality "1"]
[TimeControl "900+3"]

1. d4 Nf6 2. c4 e6 3. Nf3 d5 4. g3 Bb4+ 5. Bd2 a5 6. Bg2 O-O 7. Qc2 {[%emt 0:00:17] 7.Qc1 is the recent fashion.} c5 {[%emt 0:00:10] E11: Bogo-Indian.} 8. cxd5 cxd4 9. Nxd4 Qb6 {[%emt 0:00:04] White is slightly better.} 10. Nf3 (10. e3 $5 ) 10... exd5 11. O-O Nc6 12. Nc3 d4 {[%emt 0:00:20] Prevents Be3} 13. Na4 Qb5 14. Qd3 {[%emt 0:00:00] Dodges Bf5} Qh5 (14... Qxa4 15. b3 $16) 15. Nb6 (15. Nxd4 $2 Ng4 16. h3 Nge5 $19) 15... Bf5 16. Qb5 Rad8 17. Bxb4 axb4 18. Rac1 {[%emt 0:00:22] [#]} Be6 $146 (18... Bg4 {looks sharper.} 19. Rc5 Qh6 20. Ne5 Rfe8) ({Predecessor:} 18... Be4 19. Qxh5 Nxh5 20. Na4 Bd5 21. Rfd1 Rfe8 22. Nc5 Re7 23. Rd2 Kf8 24. Rcd1 Rc8 {1-0 Chigaev,M (2617)-Sadhwani,R (2627) Bucharest Grand Prix rapid 2023 (9)}) 19. Qxh5 Nxh5 20. b3 Nf6 21. Ng5 {[%emt 0:00:58] Prevents Ne4.} Bg4 22. Rfe1 (22. f3 $5 Bc8 23. Rfd1 $11) 22... Rfe8 {[%emt 0:00:10] Inhibits Ne4.} 23. Nf3 (23. Kf1 $11) 23... Ne4 $15 24. h3 Bh5 25. g4 Bg6 26. Nh4 Nc3 27. Nxg6 hxg6 28. Kf1 {[%emt 0:00:00] White is weak on the dark squares} Re6 29. Na4 Rde8 (29... Nxa2 $5 30. Ra1 Nc3 $15) 30. Nc5 R6e7 {[%emt 0:01:24] [#]} (30... Rxe2 $2 31. Rxe2 Rxe2 32. Rxc3 (32. Nxb7 d3 $11) 32... Rxa2 33. Rd3 $18) 31. Nxb7 $1 {[%emt 0:01:08][%mdl 64] Remove Defender, Decoy} Ne5 (31... Rc8 32. Nd6) 32. Nc5 g5 33. Rc2 Ra7 34. Rd2 Ra5 ({Black should try} 34... Rxa2 $14 35. Rxd4 Nxe2) 35. Ne4 $1 $16 Rd8 (35... Rxa2 $16 {is a better defense.} 36. Rxa2 (36. Rxd4 Rb8 $16) 36... Nxa2) 36. Nxg5 (36. a4 $1 $18) 36... Nxg4 {[%emt 0:00:05][%mdl 64] Discovered Attack} 37. Nxf7 Nh2+ 38. Kg1 Kxf7 39. Kxh2 Kf6 {[%emt 0:00:06] [#]} 40. Rg1 (40. Ra1 $1 $16) 40... Rxa2 $14 41. Rxa2 Nxa2 {[%emt 0:00:00][%mdl 4096] Endgame KRB-KRN} 42. Be4 Nc3 {[%emt 0:00:04] [#]} (42... Rc8 $142) 43. Bd3 $1 $16 Re8 (43... Rd7 $16 44. Rg6+ Ke5) 44. Rg6+ $18 Kf7 45. Rg4 {[%emt 0:00:43] Black must now prevent Bg6+.} Rd8 46. h4 Kf6 (46... Nd1 $142 47. Rg5 Nb2) 47. Kg3 Rd5 48. Rg6+ Kf7 49. Rb6 {[%emt 0:00:01] Strongly threatening Bc4.} Re5 50. Kf3 ({Weaker is} 50. Rxb4 Nxe2+ 51. Bxe2 Rxe2 52. Rxd4 Kf6 $18) 50... Na2 51. Rd6 {[%emt 0:00:05] Weighted Error Value: White=0.10 (very precise) /Black=0.16 (very precise)} 1-0

[Event "ChessKid Cup Div-II 2023"]
[Site "Online"]
[Date "2023.05.22"]
[Round "1.3"]
[White "Meier, Georg"]
[Black "Alekseenko, Kirill"]
[Result "1-0"]
[ECO "A17"]
[WhiteElo "2614"]
[BlackElo "2686"]
[Annotator "TA"]
[PlyCount "49"]
[EventDate "2023.05.21"]
[EventType "k.o."]
[EventCountry "NET"]
[SourceTitle "playchess.com"]
[Source "ChessBase"]
[SourceQuality "1"]
[TimeControl "900+3"]

1. Nf3 d5 2. e3 Nf6 3. c4 e6 4. Nc3 a6 5. b3 Bd6 6. Bb2 {[%emt 0:00:01] A17: English Opening: 1...Nf6 with ...Bb4.} O-O 7. g3 $1 {[%emt 0:00:06][%mdl 4] is currently scoring better than 7.d4.} c5 8. cxd5 {[%emt 0:00:04] The position is equal.} exd5 9. Bg2 Nc6 10. O-O {[%emt 0:00:02] [#]} Re8 $146 ({Predecessor:} 10... Bg4 11. h3 Bh5 12. g4 Bg6 13. d4 h5 14. g5 Ne4 15. Nxd5 Nxg5 16. Ne5 Bxe5 17. dxe5 {1-0 Praggnanandhaa,R (2608)-Zhukova,N (2336) Titled Tuesday intern op 22nd Dec blitz 2020 (1)}) 11. Rc1 b5 {[%emt 0:00:21] [#] Prevents Na4} (11... Bg4 $11 {keeps the balance.}) 12. Ne2 (12. Ng5 $1 $16 Bg4 13. Qc2) 12... Bb7 (12... Nb4 $11) 13. Nf4 $14 d4 {[%emt 0:00:29] [#]} 14. Nxd4 $1 cxd4 15. Bxc6 Bxc6 16. Rxc6 Qd7 17. Rc1 Be5 (17... Bxf4 $16 18. exf4 (18. gxf4 Qh3 $11) 18... h5) 18. Nd3 $18 Qh3 {[%emt 0:01:02] ...Ng4 would be deadly.} 19. Nxe5 (19. exd4 $2 Ng4 $19) 19... Rxe5 20. Qf3 {[%emt 0:00:02] Prevents Ng4} (20. Bxd4 $2 {loses.} Rh5 $19) 20... Rae8 (20... Ree8 {is a better defense.} 21. Bxd4 Ne4) 21. Bxd4 Rh5 22. Qg2 Qe6 23. Rc6 {[%emt 0:00:04][%mdl 64] Skewer, Deflection} Qd7 24. Bxf6 ({Resist} 24. Rxa6 Nd5 25. Rc1 Rd8 $18) 24... gxf6 25. d4 {[%emt 0:00:01] Weighted Error Value: White=0.09 (flawless) /Black=0.42} ({Don't take} 25. Rxa6 Qxd2 26. Rxf6 Rc5 $18) (25. Rxf6 Qxd2 26. Qf3 Rc5 27. Rxf7 Qd5 $18) 1-0

[Event "ChessKid Cup Div-II 2023"]
[Site "Online"]
[Date "2023.05.22"]
[Round "1.3"]
[White "Le, Tuan Minh"]
[Black "Oparin, Grigoriy"]
[Result "0-1"]
[ECO "D40"]
[WhiteElo "2542"]
[BlackElo "2667"]
[Annotator "TA"]
[PlyCount "180"]
[EventDate "2023.05.21"]
[EventType "k.o."]
[EventCountry "NET"]
[SourceTitle "playchess.com"]
[Source "ChessBase"]
[SourceQuality "1"]
[TimeControl "900+3"]

1. d4 Nf6 2. c4 e6 3. Nf3 d5 4. Nc3 c5 5. e3 Nc6 6. a3 dxc4 7. Bxc4 a6 8. O-O b5 9. Bd3 Bb7 10. dxc5 Bxc5 11. b4 Bd6 12. Ne4 Nxe4 13. Bxe4 f5 14. Bc2 Ne5 15. Nd4 Qf6 (15... Qg5 16. e4 Qh4 17. f4 $16 (17. exf5 Ng4 18. Nf3 Bxh2+ 19. Kh1 Bxf3)) 16. Bb3 Rd8 17. f4 Nc4 $1 (17... Qg6 18. Qe2 Nc4 19. a4 $18) 18. Bxc4 bxc4 19. Qa4+ Kf7 20. Bb2 Qe7 (20... Qg6 21. Rf3 $16) 21. Rac1 Rc8 22. Nf3 Rhd8 23. Rf2 h6 24. Nd4 (24. Nd2 $11) 24... Bd5 25. Qd1 (25. Qxa6 $2 Ra8 26. Qb5 Rdb8 27. Nxf5 Rxb5 $19) 25... Bb8 26. Bc3 Kg8 27. Qh5 Kh7 28. Rd1 (28. Qh3 $15) 28... Be4 29. Rfd2 Rd5 (29... g6 $17 30. Qe2 e5 31. fxe5 Bxe5) 30. h3 ({White should try} 30. Nf3 $1 $15 Kg8 31. Qg6) 30... Rg8 ({Black should play} 30... Ba7 $17 31. Kh1 Bb6) 31. Nc6 $15 Qb7 32. Rxd5 exd5 33. Nd4 $2 (33. Nxb8 $15 Rxb8 34. Rd2) 33... g6 $1 $19 34. Qe2 g5 $1 35. Qh5 gxf4 (35... Ba7 $19 {has better winning chances.} 36. g4 (36. fxg5 $2 Rxg5 37. Qe2 Rxg2+ 38. Qxg2 Bxg2 $19) 36... fxg4) 36. Nxf5 $17 Rxg2+ 37. Kf1 Rg6 38. Nxh6 Rxh6 39. Qe8 d4 (39... fxe3 40. Qh8+ Kg6 41. Qg8+) (39... Bg2+ $1 $17 40. Ke1 Rxh3 41. Qh8+ Kg6 42. Qf6+ Kh5 43. exf4 Bxf4 44. Qxf4 Qe7+ 45. Kd2 Rf3 46. Qh2+ Rh3) 40. Bxd4 (40. Rxd4 $15 Bg2+ 41. Ke1) 40... Bg2+ $1 $17 (40... Rxh3 41. Qh8+ Kg6 42. Qxh3 $16) (40... Bd3+ $6 41. Rxd3 Qh1+ 42. Kf2 Qh2+ 43. Ke1 Qh1+ 44. Kf2 (44. Kd2 Rxh3 45. Bf6 Rh2+ 46. Kc3 Qa1+ 47. Kxc4 Qxf6 $11) 44... Qh2+ 45. Ke1 Qh1+ 46. Kd2 Rxh3 47. Bf6 Rh2+ 48. Kc3 Qa1+ 49. Kxc4 Qxf6 50. Qxb8 Qe6+ 51. Kd4 Qd7+ 52. Ke4 Qc6+ 53. Kd4 $11) 41. Ke1 Bxh3 ({Better is} 41... Rxh3 $17 42. Kd2 Kh6) 42. Qh8+ $2 (42. Kd2 $11 Bg2 43. Kc1) 42... Kg6 $19 43. Qg8+ Kh5 44. Kd2 Qg2+ 45. Qxg2 Bxg2 46. exf4 Bxf4+ 47. Kc3 Rc6 48. Bc5 Bf3 49. Rf1 Be5+ (49... Kg4 $142 {White must now prevent ...Be2.} 50. Re1 Bd5 51. Rg1+ Kh5) 50. Kxc4 $19 {[%emt 0:00:07] [#]} Kg4 $2 (50... Rf6 $1 $19 51. Kd3 Bg3) 51. Re1 $2 (51. Rxf3 $1 $11 Kxf3 52. Kd5) 51... Kf5 $2 (51... Kf4 $19 {...Rc7 would be deadly.} 52. a4 Rc8) 52. a4 $2 (52. Rf1 $11 {and White is okay.}) 52... Rc8 53. Rf1 Kg4 54. Rg1+ Kf4 55. Re1 Rd8 (55... Bc6 $19 56. Rf1+ Bf3) 56. Be3+ {[%emt 0:00:06] [#]} (56. Bb6 $17 {keeps fighting.} Rc8+ 57. Bc5) 56... Kf5 $1 $19 57. Kc5 $2 (57. Rf1 {was called for.} Rc8+ 58. Bc5) 57... Bd6+ $19 58. Kc4 Bd5+ 59. Kc3 Be5+ 60. Kc2 Rc8+ 61. Bc5 Bd4 62. Kd3 Bxc5 63. bxc5 Bc6 ({Inferior is} 63... Rxc5 64. Kd4 Ra5 65. Re5+ Kf6 66. Rxd5 Rxa4+ 67. Kc3 $11) 64. a5 $2 (64. Kc4 Bxa4 65. Kb4) 64... Rh8 65. Re7 Rh3+ 66. Kd4 Rh4+ 67. Kc3 Ra4 68. Rc7 Bb5 69. Kb3 Rxa5 $2 (69... Ke6 {mates} 70. c6 Ra1 71. Rh7 Bxc6 72. Rh5 Bb5 73. Rh6+ Kf5 74. Kb4 Ra4+ 75. Kb3 Rxa5 76. Rh5+ Kg4 77. Rh6 Ra1 78. Rb6 Rb1+ 79. Ka3 a5 80. Ka2 Rb4 81. Ka3 Kf5 82. Rb8 Ke4 83. Rg8 Kd5 84. Rg5+ Kc6 85. Rg6+ Kb7 86. Rg8 Rf4 87. Rg7+ Kb6 88. Rg6+ Bc6 89. Rg3 a4 90. Rh3 Ka5 91. Rg3 Bb5 92. Rh3 Rd4 93. Rg3 Bc4 94. Rc3 Kb5 95. Rg3 Bd5 96. Rg7 Rd3+ 97. Kb2 Kb4 98. Rg6 Rd2+ 99. Kc1 Rh2 100. Kd1 a3 101. Rb6+ Ka5 102. Rb1 a2 103. Rc1 Kb4 104. Ke1 Rh1+ 105. Kd2 Rxc1 {[%mdl 64] Remove Defender, Deflection} 106. Kxc1 Kc3 107. Kd1 a1=Q+ 108. Ke2 Qb2+ 109. Ke1 Bg2 110. Kd1 Qd2#) 70. c6 $19 Ra4 $2 (70... Ke6 $17 {( -> ...Kd6)} 71. Kb4 Kd6 72. Kxa5 Kxc7) 71. Rf7+ $2 (71. Rc8 $11) 71... Ke6 $19 72. c7 Rc4 $1 ({And not} 72... Kxf7 73. c8=Q $11) 73. Rh7 Kd6 74. Rg7 a5 ({Worse is} 74... Rxc7 75. Rxc7 Kxc7 76. Kb2 $11) 75. Rg5 a4+ 76. Ka3 Bd7 77. Rg3 Kxc7 78. Rf3 Kb6 79. Rf6+ Bc6 80. Rf2 Rc3+ 81. Kb2 Rh3 82. Rf5 Bb5 83. Rf4 Kc5 84. Kc2 Bc4 85. Rf8 a3 86. Ra8 Kb4 87. Rb8+ Bb5 88. Kb1 Rh2 89. Ka1 Ka4 90. Rb7 Rh1+ 0-1